[ AOE2 MATCH · #479055764 ]
UnrankedMaya vs Poles
[ REPLAY ANALYSIS · EXTRACTED FROM THE RECORDED GAME ]
Feudal
10:13
Castle
—
Imperial
—
| APM avg | 62.4 |
| APM peak | 94 |
| eAPM avg | 25.0 |
| Villagers / military | 57 / 37 |
Focus
⚔️ 25.1% · 🌾 74.9%
Archer ×20 · Skirmisher ×10 · Spearman ×5 · Eagle Scout ×2
Feudal
11:00
Castle
14:30
Imperial
—
| APM avg | 37.9 |
| APM peak | 84 |
| eAPM avg | 20.8 |
| Villagers / military | 134 / 1 |
Focus
⚔️ 12.3% · 🌾 87.7%
Monk ×1
Feudal
9:31
Castle
20:05
Imperial
—
| APM avg | 23.0 |
| APM peak | 61 |
| eAPM avg | 11.0 |
| Villagers / military | 42 / 3 |
Focus
⚔️ 11.1% · 🌾 88.9%
Militia ×3
Feudal
11:25
Castle
15:51
Imperial
—
| APM avg | 50.9 |
| APM peak | 101 |
| eAPM avg | 29.4 |
| Villagers / military | 47 / 12 |
Focus
⚔️ 43.3% · 🌾 56.7%
War Wagon ×12
Feudal
9:06
Castle
21:46
Imperial
—
| APM avg | 86.0 |
| APM peak | 149 |
| eAPM avg | 39.1 |
| Villagers / military | 48 / 43 |
Focus
⚔️ 68.4% · 🌾 31.6%
Archer ×25 · Skirmisher ×16 · Spearman ×2
Feudal
10:58
Castle
21:30
Imperial
—
| APM avg | 52.9 |
| APM peak | 98 |
| eAPM avg | 27.6 |
| Villagers / military | 65 / 0 |
Focus
⚔️ 26.8% · 🌾 73.2%
Feudal
11:04
Castle
14:40
Imperial
—
| APM avg | 63.3 |
| APM peak | 117 |
| eAPM avg | 32.2 |
| Villagers / military | 47 / 18 |
Focus
⚔️ 62.0% · 🌾 38.0%
Conquistador ×14 · Petard ×4
Feudal
12:41
Castle
22:53
Imperial
—
| APM avg | 37.1 |
| APM peak | 63 |
| eAPM avg | 21.9 |
| Villagers / military | 55 / 10 |
Focus
⚔️ 44.3% · 🌾 55.7%
Scout Cavalry ×8 · Knight ×2
Match map
Initial resources + every placement click. Lines = walls · curves = elevation contours. ◆ gold · ⬟ stone · ● berries · ✦ relic · ◌ wall gap
Your base· ✓ Closed at 22:40 · 7t walls · 1 gate(s)
TheShadowrawen's base· Open — unwalled flank
Draconus's base· Open — unwalled flank
Mettiu's base· Open — opponent sealed themselves in
Zni.Locuss's base· ✓ Closed at 21:46 · 10t walls · fragile
[TNT] TW_RED's base· ✓ Closed at 21:30 · 191t walls · no gate
Boxxhenizeel's base· Open — unwalled flank
Zni.Kark01's base· ✓ Closed at 22:53 · 90t walls · fragile
Smoothed initial terrain · ◌ = detected wall gap · hover for details
Inputs per minute
— PietroSecchielloDiSabbia - - TheShadowrawen
Build order — PietroSecchielloDiSabbia
First 150 of 164 actions detected
| 0:00 | Research | Loom |
| 0:00 | Research | Loom |
| 0:01 | Create | Villager (Male) |
| 0:01 | Create | Villager (Male) |
| 0:02 | Create | Villager (Male) |
| 0:02 | Create | Villager (Male) |
| 0:03 | Build | House |
| 0:05 | Build | House |
| 1:29 | Create | Villager (Male) |
| 1:29 | Create | Villager (Male) |
| 1:42 | Build | Lumber Camp |
| 1:56 | Create | Villager (Male) |
| 1:56 | Create | Villager (Male) |
| 1:56 | Create | Villager (Male) |
| 2:18 | Create | Villager (Male) |
| 2:18 | Create | Villager (Male) |
| 2:54 | Create | Villager (Male) |
| 2:55 | Create | Villager (Male) |
| 2:57 | Create | Villager (Male) |
| 2:57 | Create | Villager (Male) |
| 3:31 | Build | House |
| 3:41 | Create | Villager (Male) |
| 4:15 | Create | Villager (Male) |
| 4:45 | Create | Villager (Male) |
| 4:45 | Create | Villager (Male) |
| 5:03 | Create | Villager (Male) |
| 5:21 | Build | Mill |
| 5:34 | Create | Villager (Male) |
| 5:35 | Create | Villager (Male) |
| 5:35 | Create | Villager (Male) |
| 5:39 | Build | House |
| 6:46 | Create | Villager (Male) |
| 6:59 | Create | Villager (Male) |
| 7:38 | Create | Villager (Male) |
| 8:03 | Research | Feudal Age |
| 8:03 | Research | Feudal Age |
| 8:06 | Build | Mining Camp |
| 8:27 | Build | Barracks |
| 8:34 | Build | House |
| 8:41 | Create | Villager (Male) |
| 9:41 | Create | Villager (Male) |
| 9:57 | Build | Palisade Wall |
| 10:01 | Build | Palisade Wall |
| 10:03 | Build | Palisade Wall |
| 10:06 | Build | Palisade Wall |
| 10:09 | Build | Palisade Wall |
| 10:10 | Build | Palisade Wall |
| 10:11 | Build | Palisade Wall |
| 10:13 | Age | Feudal Age |
| 10:15 | Create | Spearman |
| 10:16 | Create | Spearman |
| 10:24 | Build | Archery Range |
| 10:26 | Create | Villager (Male) |
| 10:40 | Create | Villager (Male) |
| 10:51 | Build | Archery Range |
| 10:58 | Create | Villager (Male) |
| 10:59 | Create | Villager (Male) |
| 11:16 | Build | House |
| 11:17 | Create | Villager (Male) |
| 11:30 | Create | Spearman |
| 11:31 | Create | Archer |
| 11:31 | Create | Archer |
| 11:44 | Create | Villager (Male) |
| 11:45 | Create | Archer |
| 11:50 | Create | Skirmisher |
| 11:54 | Build | House |
| 11:59 | Create | Skirmisher |
| 11:59 | Create | Skirmisher |
| 12:17 | Create | Eagle Scout |
| 12:21 | Create | Skirmisher |
| 12:21 | Create | Skirmisher |
| 12:27 | Create | Villager (Male) |
| 12:31 | Create | Villager (Male) |
| 12:58 | Build | House |
| 13:29 | Create | Skirmisher |
| 13:29 | Create | Skirmisher |
| 13:34 | Create | Skirmisher |
| 13:34 | Create | Skirmisher |
| 13:43 | Create | Skirmisher |
| 13:47 | Build | Blacksmith |
| 13:58 | Create | Eagle Scout |
| 14:02 | Build | Farm |
| 14:03 | Build | Farm |
| 14:03 | Build | Farm |
| 14:03 | Build | Farm |
| 14:28 | Create | Villager (Male) |
| 14:56 | Create | Villager (Male) |
| 14:56 | Create | Villager (Male) |
| 14:58 | Build | Farm |
| 14:59 | Build | Farm |
| 14:59 | Build | Farm |
| 15:05 | Build | House |
| 15:09 | Build | House |
| 15:19 | Create | Villager (Male) |
| 15:20 | Create | Villager (Male) |
| 15:49 | Build | Farm |
| 15:49 | Build | Farm |
| 15:49 | Build | Farm |
| 15:50 | Build | Farm |
| 15:50 | Build | Farm |
| 15:50 | Build | Farm |
| 15:50 | Build | Farm |
| 15:51 | Build | Farm |
| 16:04 | Create | Villager (Male) |
| 16:04 | Create | Villager (Male) |
| 16:06 | Build | Farm |
| 16:06 | Build | Farm |
| 16:06 | Build | Farm |
| 16:07 | Build | Farm |
| 16:35 | Build | Gate |
| 16:40 | Create | Villager (Male) |
| 16:40 | Create | Villager (Male) |
| 17:03 | Create | Villager (Male) |
| 17:05 | Build | Farm |
| 17:06 | Build | Farm |
| 17:06 | Build | Farm |
| 17:17 | Create | Archer |
| 17:17 | Create | Archer |
| 17:52 | Create | Villager (Male) |
| 17:53 | Create | Archer |
| 17:53 | Create | Archer |
| 17:59 | Build | House |
| 18:09 | Research | Fletching |
| 18:11 | Create | Villager (Male) |
| 18:13 | Build | House |
| 18:34 | Create | Archer |
| 18:34 | Create | Archer |
| 18:39 | Create | Spearman |
| 18:43 | Create | Archer |
| 18:43 | Create | Archer |
| 18:43 | Create | Villager (Male) |
| 18:44 | Create | Villager (Male) |
| 18:44 | Create | Villager (Male) |
| 18:48 | Build | Mill |
| 18:48 | Create | Villager (Male) |
| 18:52 | Build | House |
| 18:52 | Build | House |
| 18:52 | Build | House |
| 18:53 | Build | House |
| 19:02 | Create | Archer |
| 19:15 | Create | Spearman |
| 19:17 | Create | Villager (Male) |
| 19:22 | Build | Farm |
| 19:23 | Build | Farm |
| 19:23 | Build | Farm |
| 19:23 | Build | Farm |
| 19:24 | Create | Villager (Male) |
| 19:33 | Create | Archer |
| 19:34 | Create | Archer |
| 20:18 | Create | Villager (Male) |
Build order — TheShadowrawen
First 150 of 238 actions detected
| 0:00 | Create | Villager (Male) |
| 0:02 | Build | House |
| 0:03 | Build | House |
| 0:10 | Create | Villager (Male) |
| 0:10 | Create | Villager (Male) |
| 0:10 | Create | Villager (Male) |
| 1:36 | Create | Villager (Male) |
| 1:36 | Create | Villager (Male) |
| 1:58 | Build | Lumber Camp |
| 1:58 | Create | Villager (Male) |
| 1:59 | Create | Villager (Male) |
| 2:22 | Create | Villager (Male) |
| 2:22 | Create | Villager (Male) |
| 2:53 | Create | Villager (Male) |
| 2:53 | Create | Villager (Male) |
| 3:02 | Create | Villager (Male) |
| 3:02 | Create | Villager (Male) |
| 3:34 | Create | Villager (Male) |
| 3:34 | Create | Villager (Male) |
| 3:48 | Build | House |
| 3:59 | Create | Villager (Male) |
| 4:00 | Create | Villager (Male) |
| 4:04 | Build | Mill |
| 4:34 | Create | Villager (Male) |
| 4:34 | Create | Villager (Male) |
| 4:53 | Create | Villager (Male) |
| 5:16 | Create | Villager (Male) |
| 5:16 | Create | Villager (Male) |
| 5:36 | Build | Palisade Wall |
| 5:41 | Build | Palisade Wall |
| 5:47 | Build | House |
| 5:48 | Build | House |
| 5:49 | Create | Villager (Male) |
| 6:20 | Create | Villager (Male) |
| 6:20 | Create | Villager (Male) |
| 6:35 | Create | Villager (Male) |
| 6:43 | Build | Lumber Camp |
| 6:44 | Create | Villager (Male) |
| 7:57 | Create | Villager (Male) |
| 7:58 | Create | Villager (Male) |
| 8:06 | Build | Mill |
| 8:38 | Build | Mining Camp |
| 8:44 | Research | Feudal Age |
| 9:36 | Create | Villager (Male) |
| 9:46 | Create | Villager (Male) |
| 11:00 | Age | Feudal Age |
| 11:01 | Build | Blacksmith |
| 11:04 | Build | Market |
| 11:50 | Research | Castle Age |
| 11:50 | Research | Castle Age |
| 13:03 | Research | Horse Collar |
| 13:04 | Research | Double-Bit Axe |
| 13:10 | Build | Farm |
| 13:10 | Build | Farm |
| 13:10 | Build | Farm |
| 13:10 | Build | Farm |
| 13:15 | Create | Villager (Male) |
| 13:47 | Create | Villager (Male) |
| 14:14 | Create | Villager (Male) |
| 14:30 | Age | Castle Age |
| 14:32 | Research | Loom |
| 14:32 | Create | Villager (Male) |
| 14:35 | Build | Town Center |
| 14:41 | Build | Town Center |
| 14:45 | Build | Farm |
| 14:48 | Build | Farm |
| 14:51 | Build | Farm |
| 14:53 | Build | Farm |
| 15:04 | Build | Farm |
| 15:09 | Build | Farm |
| 15:13 | Create | Villager (Male) |
| 15:26 | Create | Villager (Male) |
| 15:30 | Build | Farm |
| 15:31 | Build | Farm |
| 15:32 | Build | Farm |
| 15:35 | Build | House |
| 15:40 | Create | Villager (Male) |
| 15:41 | Create | Villager (Male) |
| 15:41 | Create | Villager (Male) |
| 15:53 | Create | Villager (Male) |
| 15:53 | Create | Villager (Male) |
| 15:55 | Build | Farm |
| 16:09 | Create | Villager (Male) |
| 16:09 | Create | Villager (Male) |
| 16:13 | Create | Villager (Male) |
| 16:13 | Create | Villager (Male) |
| 16:15 | Build | Farm |
| 16:23 | Create | Villager (Male) |
| 16:24 | Create | Villager (Male) |
| 16:32 | Build | Farm |
| 16:35 | Build | Farm |
| 16:38 | Build | Farm |
| 16:41 | Create | Villager (Male) |
| 16:42 | Create | Villager (Male) |
| 16:50 | Create | Villager (Male) |
| 16:50 | Create | Villager (Male) |
| 16:58 | Create | Villager (Male) |
| 16:58 | Create | Villager (Male) |
| 17:03 | Build | Farm |
| 17:04 | Build | Farm |
| 17:05 | Create | Villager (Male) |
| 17:06 | Create | Villager (Male) |
| 17:16 | Create | Villager (Male) |
| 17:17 | Create | Villager (Male) |
| 17:17 | Create | Villager (Male) |
| 17:20 | Create | Villager (Male) |
| 17:20 | Create | Villager (Male) |
| 17:27 | Create | Villager (Male) |
| 17:27 | Create | Villager (Male) |
| 17:44 | Create | Villager (Male) |
| 17:44 | Create | Villager (Male) |
| 17:44 | Create | Villager (Male) |
| 17:49 | Build | House |
| 17:52 | Build | House |
| 17:53 | Build | House |
| 17:54 | Create | Villager (Male) |
| 17:54 | Create | Villager (Male) |
| 18:04 | Build | Town Center |
| 18:22 | Build | House |
| 18:24 | Build | House |
| 18:25 | Build | House |
| 18:26 | Build | House |
| 18:27 | Build | House |
| 18:29 | Create | Villager (Male) |
| 18:29 | Create | Villager (Male) |
| 18:29 | Create | Villager (Male) |
| 18:53 | Create | Villager (Male) |
| 19:01 | Build | Monastery |
| 19:04 | Create | Villager (Male) |
| 19:04 | Create | Villager (Male) |
| 19:04 | Create | Villager (Male) |
| 19:13 | Create | Villager (Male) |
| 19:13 | Create | Villager (Male) |
| 19:13 | Create | Villager (Male) |
| 19:20 | Research | Bow Saw |
| 19:21 | Research | Bow Saw |
| 19:22 | Create | Villager (Male) |
| 19:22 | Create | Villager (Male) |
| 19:28 | Build | Farm |
| 19:29 | Create | Villager (Male) |
| 19:30 | Create | Villager (Male) |
| 19:39 | Build | House |
| 19:40 | Build | House |
| 19:40 | Build | House |
| 19:41 | Create | Villager (Male) |
| 19:41 | Create | Villager (Male) |
| 19:44 | Create | Villager (Male) |
| 19:44 | Create | Villager (Male) |
| 19:50 | Create | Villager (Male) |
| 19:50 | Create | Villager (Male) |
Build order — Draconus
98 actions detected in the replay
| 0:01 | Create | Villager (Male) |
| 0:01 | Create | Villager (Male) |
| 0:01 | Create | Villager (Male) |
| 0:01 | Create | Villager (Male) |
| 0:03 | Build | House |
| 0:04 | Build | House |
| 1:25 | Create | Villager (Male) |
| 1:48 | Build | Lumber Camp |
| 2:06 | Create | Villager (Male) |
| 2:27 | Create | Villager (Male) |
| 2:52 | Create | Villager (Male) |
| 3:19 | Create | Villager (Male) |
| 3:37 | Create | Villager (Male) |
| 4:10 | Create | Villager (Male) |
| 4:16 | Build | House |
| 4:28 | Create | Villager (Male) |
| 4:59 | Create | Villager (Male) |
| 5:13 | Build | Mill |
| 5:26 | Create | Villager (Male) |
| 5:52 | Create | Villager (Male) |
| 6:17 | Create | Villager (Male) |
| 6:17 | Research | Loom |
| 7:21 | Research | Feudal Age |
| 7:21 | Research | Feudal Age |
| 7:37 | Build | Lumber Camp |
| 8:01 | Build | Barracks |
| 8:55 | Build | Mining Camp |
| 9:02 | Build | House |
| 9:03 | Create | Militia |
| 9:03 | Create | Militia |
| 9:31 | Age | Feudal Age |
| 9:33 | Create | Villager (Male) |
| 9:34 | Create | Villager (Male) |
| 9:58 | Build | Watch Tower |
| 10:04 | Create | Militia |
| 10:18 | Research | Double-Bit Axe |
| 10:30 | Create | Villager (Male) |
| 11:21 | Create | Villager (Male) |
| 11:22 | Create | Villager (Male) |
| 11:56 | Build | Farm |
| 11:57 | Build | Farm |
| 11:58 | Build | Farm |
| 11:59 | Build | Farm |
| 12:00 | Create | Villager (Male) |
| 12:22 | Create | Villager (Male) |
| 12:32 | Build | Mill |
| 12:43 | Research | Horse Collar |
| 12:59 | Create | Villager (Male) |
| 13:17 | Create | Villager (Male) |
| 13:37 | Build | House |
| 13:46 | Create | Villager (Male) |
| 13:55 | Build | Farm |
| 14:03 | Create | Villager (Male) |
| 14:09 | Build | Farm |
| 14:19 | Create | Villager (Male) |
| 14:34 | Build | Mill |
| 14:46 | Create | Villager (Male) |
| 15:02 | Build | Farm |
| 15:10 | Create | Villager (Male) |
| 15:23 | Create | Villager (Male) |
| 15:36 | Build | Farm |
| 15:48 | Build | Farm |
| 15:55 | Build | Farm |
| 15:57 | Build | Farm |
| 16:08 | Build | Market |
| 16:11 | Build | Blacksmith |
| 16:14 | Create | Villager (Male) |
| 16:16 | Build | Farm |
| 16:37 | Build | Mining Camp |
| 16:56 | Create | Villager (Male) |
| 17:19 | Research | Castle Age |
| 17:44 | Build | Stable |
| 17:48 | Build | Farm |
| 17:50 | Build | Farm |
| 17:53 | Build | Farm |
| 17:55 | Build | Farm |
| 18:51 | Create | Villager (Male) |
| 19:46 | Create | Villager (Male) |
| 20:05 | Age | Castle Age |
| 20:28 | Build | Castle |
| 20:33 | Create | Villager (Male) |
| 20:38 | Research | Bow Saw |
| 20:40 | Research | Heavy Plow |
| 20:49 | Build | Mining Camp |
| 20:53 | Research | Stone Mining |
| 20:54 | Research | Gold Mining |
| 20:57 | Create | Villager (Male) |
| 21:32 | Create | Villager (Male) |
| 21:54 | Create | Villager (Male) |
| 22:03 | Create | Villager (Male) |
| 22:20 | Build | Stable |
| 22:21 | Build | Stable |
| 22:36 | Create | Villager (Male) |
| 22:42 | Research | Bloodlines |
| 22:43 | Research | Husbandry |
| 22:45 | Research | Scale Barding Armor |
| 22:45 | Research | Forging |
| 23:19 | Create | Villager (Male) |
Build order — Mettiu
105 actions detected in the replay
| 0:01 | Create | Villager (Male) ×4 |
| 0:02 | Build | House |
| 0:02 | Build | House |
| 0:31 | Create | Villager (Male) |
| 0:31 | Create | Villager (Male) |
| 0:41 | Research | Loom |
| 0:42 | Create | Villager (Male) |
| 0:53 | Create | Villager (Male) |
| 0:53 | Create | Villager (Male) |
| 1:13 | Build | Palisade Wall |
| 1:39 | Create | Villager (Male) |
| 1:39 | Create | Villager (Male) |
| 1:59 | Build | Lumber Camp |
| 2:28 | Create | Villager (Male) |
| 2:28 | Create | Villager (Male) |
| 2:52 | Create | Villager (Male) |
| 3:25 | Create | Villager (Male) |
| 3:33 | Create | Villager (Male) |
| 4:11 | Create | Villager (Male) |
| 4:17 | Build | House |
| 4:34 | Create | Villager (Male) |
| 4:56 | Build | Mill |
| 5:00 | Create | Villager (Male) |
| 5:00 | Create | Villager (Male) |
| 5:03 | Create | Villager (Male) |
| 5:34 | Build | House |
| 5:40 | Create | Villager (Male) |
| 6:02 | Create | Villager (Male) |
| 6:13 | Create | Villager (Male) |
| 6:27 | Create | Villager (Male) |
| 6:42 | Create | Villager (Male) |
| 7:17 | Create | Villager (Male) |
| 7:54 | Build | Lumber Camp |
| 7:59 | Build | Mill |
| 8:08 | Create | Villager (Male) |
| 8:15 | Build | House |
| 8:28 | Create | Villager (Male) |
| 8:49 | Research | Feudal Age |
| 8:59 | Build | Mining Camp |
| 9:31 | Build | Mining Camp |
| 9:34 | Build | Mining Camp |
| 9:56 | Create | Villager (Male) |
| 9:56 | Create | Villager (Male) |
| 9:56 | Create | Villager (Male) |
| 10:04 | Build | Farm |
| 10:08 | Build | Farm |
| 11:25 | Age | Feudal Age |
| 11:26 | Build | Blacksmith |
| 12:11 | Build | Market |
| 12:45 | Build | Farm |
| 12:47 | Build | Farm |
| 13:11 | Research | Castle Age |
| 13:12 | Research | Castle Age |
| 13:48 | Build | House |
| 14:08 | Research | Double-Bit Axe |
| 14:08 | Research | Double-Bit Axe |
| 15:06 | Build | House |
| 15:18 | Build | House |
| 15:22 | Build | House |
| 15:24 | Build | House |
| 15:25 | Build | House |
| 15:44 | Build | House |
| 15:46 | Build | House |
| 15:49 | Build | Gate |
| 15:51 | Age | Castle Age |
| 15:57 | Build | Castle |
| 15:58 | Create | Villager (Male) |
| 16:06 | Build | Castle |
| 16:25 | Build | Watch Tower |
| 16:35 | Build | Watch Tower |
| 16:39 | Create | Villager (Male) |
| 17:32 | Create | War Wagon |
| 17:32 | Create | War Wagon |
| 17:32 | Create | War Wagon |
| 17:59 | Create | War Wagon |
| 18:05 | Create | War Wagon |
| 18:09 | Create | Villager (Male) |
| 18:09 | Create | Villager (Male) |
| 18:10 | Create | Villager (Male) |
| 18:10 | Create | Villager (Male) |
| 18:52 | Create | War Wagon |
| 19:38 | Create | Villager (Male) |
| 20:16 | Build | Farm |
| 20:16 | Build | Farm |
| 20:32 | Create | War Wagon |
| 20:37 | Create | War Wagon |
| 20:39 | Create | Villager (Male) |
| 21:00 | Create | War Wagon |
| 21:05 | Create | Villager (Male) |
| 21:20 | Build | Town Center |
| 21:42 | Create | Villager (Male) |
| 21:42 | Build | Farm |
| 21:50 | Research | Fletching |
| 21:50 | Research | Fletching |
| 21:53 | Build | Farm |
| 22:02 | Create | Villager (Male) |
| 22:27 | Create | War Wagon |
| 22:28 | Create | War Wagon |
| 22:35 | Create | War Wagon |
| 22:37 | Create | Villager (Male) |
| 22:37 | Create | Villager (Male) |
| 22:51 | Build | Farm |
| 23:07 | Create | Villager (Male) |
| 23:24 | Create | Villager (Male) |
| 23:25 | Build | Farm |
Build order — Zni.Locuss
First 150 of 153 actions detected
| 0:01 | Create | Villager (Male) |
| 0:02 | Build | House |
| 0:03 | Build | House |
| 0:10 | Create | Villager (Male) |
| 0:10 | Create | Villager (Male) |
| 0:11 | Create | Villager (Male) |
| 1:21 | Create | Villager (Male) |
| 1:21 | Create | Villager (Male) |
| 1:43 | Create | Villager (Male) |
| 1:43 | Create | Villager (Male) |
| 1:53 | Build | Lumber Camp |
| 2:04 | Create | Villager (Male) |
| 2:04 | Create | Villager (Male) |
| 2:26 | Create | Villager (Male) |
| 2:26 | Create | Villager (Male) |
| 2:42 | Create | Villager (Male) |
| 2:42 | Create | Villager (Male) |
| 3:08 | Create | Villager (Male) |
| 3:08 | Create | Villager (Male) |
| 3:30 | Create | Villager (Male) |
| 3:30 | Create | Villager (Male) |
| 3:58 | Build | House |
| 4:13 | Create | Villager (Male) |
| 4:14 | Create | Villager (Male) |
| 4:14 | Create | Villager (Male) |
| 4:55 | Create | Villager (Male) |
| 5:07 | Build | House |
| 5:09 | Build | Palisade Wall |
| 5:10 | Build | Palisade Wall |
| 5:14 | Create | Villager (Male) |
| 5:30 | Build | Mill |
| 5:56 | Research | Loom |
| 6:56 | Research | Feudal Age |
| 6:56 | Research | Feudal Age |
| 7:16 | Build | Mining Camp |
| 7:34 | Build | Barracks |
| 8:31 | Create | Villager (Male) |
| 9:06 | Age | Feudal Age |
| 9:08 | Build | Archery Range |
| 9:19 | Create | Villager (Male) |
| 9:20 | Research | Double-Bit Axe |
| 9:45 | Build | Archery Range |
| 10:00 | Create | Archer |
| 10:19 | Create | Archer |
| 10:21 | Create | Villager (Male) |
| 10:24 | Create | Villager (Male) |
| 10:28 | Build | House |
| 10:36 | Create | Archer |
| 10:41 | Build | House |
| 10:50 | Create | Archer |
| 10:51 | Create | Archer |
| 10:54 | Create | Villager (Male) |
| 11:39 | Build | Blacksmith |
| 11:49 | Create | Archer |
| 11:49 | Create | Archer |
| 11:52 | Create | Villager (Male) |
| 11:52 | Create | Villager (Male) |
| 11:53 | Build | Farm |
| 12:11 | Build | Farm |
| 12:15 | Build | House |
| 12:24 | Research | Fletching |
| 12:24 | Research | Fletching |
| 12:25 | Research | Fletching |
| 12:29 | Create | Archer |
| 12:29 | Create | Archer |
| 12:30 | Create | Archer |
| 12:50 | Create | Villager (Male) |
| 12:51 | Build | Farm |
| 12:54 | Build | House |
| 13:02 | Create | Archer |
| 13:02 | Create | Archer |
| 13:28 | Create | Archer |
| 13:28 | Create | Archer |
| 13:33 | Create | Villager (Male) |
| 13:33 | Create | Villager (Male) |
| 13:34 | Build | Farm |
| 13:36 | Build | House |
| 14:01 | Create | Archer |
| 14:01 | Create | Archer |
| 14:03 | Build | House |
| 14:12 | Create | Villager (Male) |
| 14:13 | Create | Villager (Male) |
| 14:42 | Create | Archer |
| 14:43 | Create | Archer |
| 14:52 | Create | Villager (Male) |
| 14:55 | Build | House |
| 15:28 | Create | Archer |
| 15:28 | Create | Archer |
| 15:30 | Create | Villager (Male) |
| 15:30 | Build | Farm |
| 15:57 | Create | Villager (Male) |
| 15:57 | Create | Villager (Male) |
| 15:59 | Build | Farm |
| 16:00 | Build | Farm |
| 16:20 | Build | Farm |
| 16:53 | Create | Archer |
| 16:53 | Create | Archer |
| 17:00 | Create | Archer |
| 17:00 | Create | Archer |
| 17:07 | Build | House |
| 17:24 | Create | Villager (Male) |
| 17:24 | Create | Villager (Male) |
| 17:25 | Build | Farm |
| 17:26 | Build | Farm |
| 17:28 | Build | Farm |
| 17:34 | Create | Archer |
| 17:51 | Build | House |
| 18:07 | Create | Villager (Male) |
| 18:08 | Build | Farm |
| 18:09 | Build | Farm |
| 18:10 | Build | Farm |
| 18:25 | Create | Villager (Male) |
| 18:26 | Build | Farm |
| 18:48 | Build | Farm |
| 18:50 | Build | Farm |
| 18:54 | Build | House |
| 19:06 | Research | Castle Age |
| 19:06 | Research | Castle Age |
| 19:06 | Research | Castle Age |
| 19:16 | Create | Skirmisher |
| 19:17 | Create | Skirmisher |
| 19:30 | Build | Lumber Camp |
| 19:33 | Research | Horse Collar |
| 19:35 | Create | Skirmisher |
| 19:41 | Create | Skirmisher |
| 19:41 | Create | Skirmisher |
| 19:57 | Create | Skirmisher |
| 19:58 | Create | Skirmisher |
| 20:21 | Create | Spearman |
| 20:21 | Create | Spearman |
| 20:30 | Create | Skirmisher |
| 20:30 | Create | Skirmisher |
| 20:48 | Create | Skirmisher |
| 20:49 | Create | Skirmisher |
| 21:13 | Create | Skirmisher |
| 21:14 | Create | Skirmisher |
| 21:20 | Create | Villager (Male) |
| 21:22 | Research | Padded Archer Armor |
| 21:41 | Build | Stone Wall |
| 21:44 | Create | Skirmisher |
| 21:46 | Age | Castle Age |
| 21:47 | Research | Elite Skirmisher (upgrade) |
| 21:47 | Research | Elite Skirmisher (upgrade) |
| 21:48 | Research | Bodkin Arrow |
| 21:57 | Build | Gate |
| 22:02 | Create | Villager (Male) |
| 22:03 | Build | Farm |
| 22:09 | Create | Skirmisher |
| 22:09 | Create | Skirmisher |
| 22:39 | Create | Villager (Male) |
Build order — [TNT] TW_RED
First 150 of 164 actions detected
| 0:01 | Create | Villager (Male) |
| 0:02 | Build | House |
| 0:03 | Build | House |
| 0:11 | Create | Villager (Male) |
| 0:11 | Create | Villager (Male) |
| 0:16 | Research | Loom |
| 0:29 | Create | Villager (Male) |
| 0:30 | Create | Villager (Male) |
| 0:48 | Create | Villager (Male) |
| 0:48 | Create | Villager (Male) |
| 1:00 | Build | Palisade Wall |
| 2:00 | Create | Villager (Male) |
| 2:00 | Create | Villager (Male) |
| 2:35 | Create | Villager (Male) |
| 2:36 | Create | Villager (Male) |
| 3:04 | Create | Villager (Male) |
| 3:04 | Create | Villager (Male) |
| 3:24 | Build | Palisade Wall |
| 3:40 | Create | Villager (Male) |
| 3:40 | Create | Villager (Male) |
| 3:40 | Create | Villager (Male) |
| 3:43 | Build | Lumber Camp |
| 4:36 | Create | Villager (Male) |
| 4:37 | Create | Villager (Male) |
| 4:37 | Create | Villager (Male) |
| 4:48 | Create | Villager (Male) |
| 5:02 | Build | Palisade Wall |
| 5:17 | Build | House |
| 5:19 | Create | Villager (Male) |
| 5:19 | Create | Villager (Male) |
| 5:45 | Build | House |
| 5:47 | Build | Palisade Wall |
| 6:11 | Create | Villager (Male) |
| 6:11 | Create | Villager (Male) |
| 6:44 | Create | Villager (Male) |
| 6:50 | Build | Palisade Wall |
| 7:14 | Create | Villager (Male) |
| 7:31 | Build | Mill |
| 7:34 | Create | Villager (Male) |
| 7:34 | Create | Villager (Male) |
| 7:44 | Create | Villager (Male) |
| 7:51 | Build | Mill |
| 8:22 | Create | Villager (Male) |
| 8:28 | Create | Villager (Male) |
| 8:28 | Create | Villager (Male) |
| 8:29 | Create | Villager (Male) |
| 8:29 | Create | Villager (Male) |
| 8:48 | Research | Feudal Age |
| 8:48 | Research | Feudal Age |
| 8:52 | Build | Palisade Wall |
| 9:10 | Build | Mining Camp |
| 9:52 | Build | House |
| 10:17 | Build | Palisade Wall |
| 10:20 | Create | Villager (Male) |
| 10:35 | Create | Villager (Male) |
| 10:43 | Build | House |
| 10:58 | Age | Feudal Age |
| 11:00 | Build | Blacksmith |
| 11:07 | Build | Watch Tower |
| 11:15 | Research | Double-Bit Axe |
| 11:16 | Research | Double-Bit Axe |
| 11:16 | Create | Villager (Male) |
| 11:17 | Create | Villager (Male) |
| 11:18 | Create | Villager (Male) |
| 11:46 | Research | Fletching |
| 11:51 | Build | Mining Camp |
| 11:55 | Create | Villager (Male) |
| 12:14 | Build | Stone Wall |
| 12:15 | Build | Stone Wall |
| 12:17 | Create | Villager (Male) |
| 12:18 | Create | Villager (Male) |
| 12:28 | Create | Villager (Male) |
| 12:28 | Create | Villager (Male) |
| 12:31 | Build | Mill |
| 12:46 | Build | Stone Wall |
| 12:46 | Build | Stone Wall |
| 13:16 | Build | Stone Wall |
| 13:22 | Create | Villager (Male) |
| 13:23 | Create | Villager (Male) |
| 13:31 | Build | Market |
| 13:32 | Create | Villager (Male) |
| 13:33 | Create | Villager (Male) |
| 13:41 | Build | Farm |
| 13:59 | Build | House |
| 14:00 | Create | Villager (Male) |
| 14:18 | Build | House |
| 14:24 | Build | Farm |
| 14:25 | Build | Farm |
| 14:38 | Build | Farm |
| 14:42 | Build | House |
| 14:46 | Create | Villager (Male) |
| 14:54 | Build | Outpost |
| 14:58 | Build | Farm |
| 15:00 | Build | Farm |
| 15:01 | Create | Villager (Male) |
| 15:16 | Build | Farm |
| 15:20 | Create | Villager (Male) |
| 15:37 | Build | House |
| 15:41 | Create | Villager (Male) |
| 15:43 | Build | Farm |
| 15:53 | Create | Villager (Male) |
| 15:55 | Build | Farm |
| 16:18 | Build | Stone Wall |
| 16:33 | Build | Stone Wall |
| 16:42 | Build | House |
| 16:43 | Build | House |
| 16:45 | Create | Villager (Male) |
| 16:47 | Build | Farm |
| 16:48 | Build | Farm |
| 17:17 | Build | Farm |
| 17:19 | Build | Farm |
| 17:19 | Create | Villager (Male) |
| 17:21 | Build | Farm |
| 17:23 | Create | Villager (Male) |
| 17:24 | Create | Villager (Male) |
| 17:37 | Build | Stone Wall |
| 17:52 | Create | Villager (Male) |
| 17:54 | Create | Villager (Male) |
| 17:56 | Build | Farm |
| 17:58 | Build | Farm |
| 18:08 | Build | Stone Wall |
| 18:11 | Build | Stone Wall |
| 18:22 | Create | Villager (Male) |
| 18:24 | Build | Farm |
| 18:38 | Build | Stone Wall |
| 18:50 | Research | Castle Age |
| 18:50 | Research | Castle Age |
| 19:05 | Build | Stone Wall |
| 19:39 | Build | Stone Wall |
| 19:43 | Build | Stone Wall |
| 19:44 | Build | Stone Wall |
| 19:52 | Build | Stone Wall |
| 19:58 | Create | Villager (Male) |
| 20:01 | Research | Stone Mining |
| 20:01 | Research | Stone Mining |
| 20:21 | Build | Stone Wall |
| 20:21 | Build | Stone Wall |
| 20:22 | Build | Stone Wall |
| 20:25 | Build | Stone Wall |
| 20:30 | Build | House |
| 20:33 | Research | Horse Collar |
| 20:33 | Research | Horse Collar |
| 20:54 | Build | Stone Wall |
| 20:57 | Build | Stone Wall |
| 21:10 | Build | House |
| 21:11 | Build | House |
| 21:18 | Research | Gold Mining |
| 21:30 | Age | Castle Age |
| 21:32 | Build | Stone Wall |
| 21:33 | Build | Stone Wall |
Build order — Boxxhenizeel
109 actions detected in the replay
| 0:02 | Create | Villager (Male) |
| 0:02 | Create | Villager (Male) |
| 0:03 | Build | House |
| 0:04 | Build | House |
| 0:14 | Create | Villager (Male) |
| 0:14 | Create | Villager (Male) |
| 0:14 | Create | Villager (Male) |
| 1:31 | Create | Villager (Male) |
| 1:32 | Create | Villager (Male) |
| 1:47 | Build | Lumber Camp |
| 2:03 | Create | Villager (Male) |
| 2:03 | Create | Villager (Male) |
| 2:26 | Create | Villager (Male) |
| 2:26 | Create | Villager (Male) |
| 2:51 | Create | Villager (Male) |
| 2:51 | Create | Villager (Male) |
| 3:15 | Create | Villager (Male) |
| 3:15 | Create | Villager (Male) |
| 3:38 | Create | Villager (Male) |
| 3:38 | Create | Villager (Male) |
| 3:57 | Build | House |
| 4:06 | Create | Villager (Male) |
| 4:06 | Create | Villager (Male) |
| 4:26 | Build | Mill |
| 4:41 | Create | Villager (Male) |
| 4:41 | Create | Villager (Male) |
| 4:47 | Create | Villager (Male) |
| 4:48 | Create | Villager (Male) |
| 5:26 | Create | Villager (Male) |
| 5:26 | Create | Villager (Male) |
| 5:43 | Create | Villager (Male) |
| 5:43 | Create | Villager (Male) |
| 6:13 | Create | Villager (Male) |
| 6:44 | Build | House |
| 6:54 | Build | Farm |
| 6:56 | Build | Farm |
| 7:32 | Create | Villager (Male) |
| 7:42 | Build | Farm |
| 8:29 | Create | Villager (Male) |
| 8:49 | Research | Feudal Age |
| 8:49 | Research | Feudal Age |
| 9:16 | Build | Mining Camp |
| 10:10 | Build | House |
| 10:44 | Create | Villager (Male) |
| 10:44 | Create | Villager (Male) |
| 11:04 | Age | Feudal Age |
| 11:06 | Build | Market |
| 11:28 | Build | Blacksmith |
| 11:48 | Create | Villager (Male) |
| 12:00 | Research | Castle Age |
| 12:00 | Research | Castle Age |
| 12:06 | Build | Mining Camp |
| 12:39 | Create | Villager (Male) |
| 14:40 | Age | Castle Age |
| 15:05 | Create | Villager (Male) |
| 15:13 | Research | Double-Bit Axe |
| 15:31 | Create | Villager (Male) |
| 16:00 | Build | Castle |
| 16:02 | Build | Mining Camp |
| 16:03 | Create | Villager (Male) |
| 16:13 | Build | Farm |
| 16:15 | Research | Horse Collar |
| 16:32 | Create | Villager (Male) |
| 16:34 | Build | Farm |
| 16:37 | Build | House |
| 16:55 | Create | Villager (Male) |
| 17:00 | Create | Villager (Male) |
| 17:12 | Build | Farm |
| 17:15 | Create | Conquistador |
| 17:27 | Create | Conquistador |
| 17:42 | Create | Petard |
| 18:05 | Build | Farm |
| 18:07 | Build | Farm |
| 18:08 | Create | Villager (Male) |
| 18:12 | Build | Farm |
| 18:21 | Create | Conquistador |
| 18:45 | Create | Conquistador |
| 19:00 | Build | Palisade Wall |
| 19:06 | Create | Conquistador |
| 19:21 | Create | Conquistador |
| 19:37 | Create | Conquistador |
| 19:38 | Create | Villager (Male) |
| 19:44 | Build | Farm |
| 19:46 | Build | Farm |
| 19:46 | Build | Farm |
| 19:47 | Build | Farm |
| 19:48 | Build | Farm |
| 19:49 | Build | Farm |
| 19:54 | Create | Petard |
| 20:14 | Build | Farm |
| 20:17 | Create | Villager (Male) |
| 20:27 | Create | Conquistador |
| 20:58 | Create | Villager (Male) |
| 20:59 | Create | Conquistador |
| 21:27 | Create | Villager (Male) |
| 21:28 | Create | Villager (Male) |
| 21:29 | Create | Petard |
| 21:33 | Build | Farm |
| 21:34 | Create | Conquistador |
| 21:34 | Create | Conquistador |
| 21:35 | Create | Conquistador |
| 22:11 | Create | Conquistador |
| 22:20 | Create | Petard |
| 22:37 | Create | Villager (Male) |
| 22:38 | Create | Conquistador |
| 22:42 | Build | Farm |
| 22:42 | Build | Farm |
| 22:42 | Build | Farm |
| 22:43 | Build | Farm |
Build order — Zni.Kark01
125 actions detected in the replay
| 0:01 | Create | Villager (Male) |
| 0:01 | Create | Villager (Male) |
| 0:02 | Build | House |
| 0:03 | Build | House |
| 0:13 | Create | Villager (Male) |
| 0:21 | Create | Villager (Male) |
| 0:21 | Create | Villager (Male) |
| 1:10 | Create | Villager (Male) |
| 1:11 | Create | Villager (Male) |
| 1:40 | Research | Loom |
| 1:41 | Create | Villager (Male) |
| 1:41 | Create | Villager (Male) |
| 2:30 | Create | Villager (Male) |
| 2:31 | Create | Villager (Male) |
| 2:51 | Create | Villager (Male) |
| 2:52 | Create | Villager (Male) |
| 3:18 | Create | Villager (Male) |
| 3:18 | Create | Villager (Male) |
| 3:44 | Create | Villager (Male) |
| 3:44 | Create | Villager (Male) |
| 3:44 | Create | Villager (Male) |
| 4:09 | Build | Palisade Wall |
| 4:11 | Build | Palisade Wall |
| 4:26 | Create | Villager (Male) |
| 4:26 | Create | Villager (Male) |
| 4:29 | Create | Villager (Male) |
| 4:59 | Create | Villager (Male) |
| 4:59 | Create | Villager (Male) |
| 5:06 | Create | Villager (Male) |
| 5:27 | Build | Palisade Wall |
| 5:29 | Build | Palisade Wall |
| 5:36 | Build | Palisade Wall |
| 5:38 | Build | Palisade Wall |
| 5:41 | Build | Palisade Wall |
| 5:47 | Create | Villager (Male) |
| 5:47 | Create | Villager (Male) |
| 5:47 | Create | Villager (Male) |
| 6:17 | Create | Villager (Male) |
| 6:23 | Build | House |
| 6:27 | Create | Villager (Male) |
| 6:27 | Create | Villager (Male) |
| 6:42 | Build | Palisade Wall |
| 6:51 | Create | Villager (Male) |
| 6:51 | Create | Villager (Male) |
| 6:58 | Create | Villager (Male) |
| 6:58 | Create | Villager (Male) |
| 7:11 | Create | Villager (Male) |
| 7:34 | Build | Palisade Wall |
| 7:35 | Create | Villager (Male) |
| 7:35 | Create | Villager (Male) |
| 7:47 | Build | House |
| 8:17 | Create | Villager (Male) |
| 8:17 | Create | Villager (Male) |
| 8:27 | Build | Lumber Camp |
| 8:46 | Create | Villager (Male) |
| 9:14 | Create | Villager (Male) |
| 9:31 | Build | Palisade Wall |
| 9:44 | Build | Palisade Wall |
| 9:45 | Build | Palisade Wall |
| 9:46 | Build | Palisade Wall |
| 10:05 | Build | Palisade Wall |
| 10:06 | Build | Palisade Wall |
| 10:12 | Research | Feudal Age |
| 10:13 | Research | Feudal Age |
| 10:43 | Build | Mill |
| 11:40 | Create | Villager (Male) |
| 12:03 | Create | Villager (Male) |
| 12:06 | Build | House |
| 12:12 | Build | Mill |
| 12:38 | Create | Villager (Male) |
| 12:41 | Age | Feudal Age |
| 12:45 | Build | Stable |
| 13:13 | Create | Villager (Male) |
| 13:16 | Build | House |
| 13:24 | Build | Stone Wall |
| 13:26 | Build | Stone Wall |
| 13:30 | Build | Stone Wall |
| 13:32 | Create | Scout Cavalry |
| 13:32 | Create | Scout Cavalry |
| 13:34 | Create | Villager (Male) |
| 13:36 | Build | House |
| 13:50 | Build | Mining Camp |
| 13:52 | Create | Villager (Male) |
| 14:01 | Create | Scout Cavalry |
| 14:36 | Create | Villager (Male) |
| 14:45 | Build | Lumber Camp |
| 14:52 | Create | Scout Cavalry |
| 15:05 | Create | Scout Cavalry |
| 15:18 | Create | Scout Cavalry |
| 15:22 | Create | Villager (Male) |
| 15:32 | Build | Farm |
| 15:40 | Create | Scout Cavalry |
| 16:07 | Create | Villager (Male) |
| 16:11 | Build | House |
| 16:23 | Build | Stone Wall |
| 16:29 | Build | Stone Wall |
| 16:33 | Build | Stone Wall |
| 16:35 | Build | Stone Wall |
| 16:50 | Create | Scout Cavalry |
| 17:17 | Build | Stone Wall |
| 17:19 | Create | Villager (Male) |
| 18:07 | Create | Villager (Male) |
| 18:10 | Build | Farm |
| 18:11 | Build | Farm |
| 18:13 | Build | Farm |
| 18:14 | Build | Farm |
| 18:20 | Build | Farm |
| 18:23 | Build | Farm |
| 18:25 | Research | Horse Collar |
| 18:47 | Build | Stone Wall |
| 18:51 | Build | House |
| 18:58 | Create | Villager (Male) |
| 18:58 | Create | Villager (Male) |
| 19:02 | Build | Farm |
| 19:08 | Create | Villager (Male) |
| 19:46 | Build | Palisade Wall |
| 19:53 | Research | Castle Age |
| 19:53 | Research | Castle Age |
| 19:54 | Research | Castle Age |
| 20:04 | Build | Mining Camp |
| 20:40 | Build | House |
| 22:39 | Build | Lumber Camp |
| 22:53 | Age | Castle Age |
| 22:57 | Create | Knight |
| 22:57 | Create | Knight |
Match timeline
| 1:00 | [TNT] TW_RED · wall_segment Palisade Wall x10 |
| 1:13 | Mettiu · wall_segment Palisade Wall x5 |
| 3:24 | [TNT] TW_RED · wall_segment Palisade Wall x12 |
| 4:09 | Zni.Kark01 · wall_segment Palisade Wall x1 |
| 4:11 | Zni.Kark01 · wall_segment Palisade Wall x5 |
| 5:02 | [TNT] TW_RED · wall_segment Palisade Wall x1 |
| 5:09 | Zni.Locuss · wall_segment Palisade Wall x1 |
| 5:10 | Zni.Locuss · wall_segment Palisade Wall x1 |
| 5:27 | Zni.Kark01 · wall_segment Palisade Wall x3 |
| 5:29 | Zni.Kark01 · wall_segment Palisade Wall x7 |
| 5:36 | Zni.Kark01 · wall_segment Palisade Wall x1 |
| 5:36 | TheShadowrawen · wall_segment Palisade Wall x1 |
| 5:38 | Zni.Kark01 · wall_segment Palisade Wall x6 |
| 5:41 | Zni.Kark01 · wall_segment Palisade Wall x1 |
| 5:41 | TheShadowrawen · wall_segment Palisade Wall x1 |
| 5:47 | [TNT] TW_RED · wall_segment Palisade Wall x10 |
| 6:42 | Zni.Kark01 · wall_segment Palisade Wall x7 |
| 6:50 | [TNT] TW_RED · wall_segment Palisade Wall x9 |
| 7:34 | Zni.Kark01 · wall_segment Palisade Wall x8 |
| 7:34 | Zni.Locuss · first_building Barracks |
| 8:01 | Draconus · first_building Barracks |
| 8:27 | PietroSecchielloDiSabbia · first_building Barracks |
| 8:52 | [TNT] TW_RED · wall_segment Palisade Wall x8 |
| 9:06 | Zni.Locuss · age_up feudal |
| 9:08 | Zni.Locuss · first_building Archery Range |
| 9:31 | Zni.Kark01 · wall_segment Palisade Wall x1 |
| 9:31 | Draconus · age_up feudal |
| 9:44 | Zni.Kark01 · wall_segment Palisade Wall x1 |
| 9:45 | Zni.Kark01 · wall_segment Palisade Wall x1 |
| 9:46 | Zni.Kark01 · wall_segment Palisade Wall x1 |
| 9:57 | PietroSecchielloDiSabbia · wall_segment Palisade Wall x1 |
| 10:01 | PietroSecchielloDiSabbia · wall_segment Palisade Wall x1 |
| 10:03 | PietroSecchielloDiSabbia · wall_segment Palisade Wall x1 |
| 10:05 | Zni.Kark01 · wall_segment Palisade Wall x2 |
| 10:06 | PietroSecchielloDiSabbia · wall_segment Palisade Wall x1 |
| 10:06 | Zni.Kark01 · wall_segment Palisade Wall x5 |
| 10:09 | PietroSecchielloDiSabbia · wall_segment Palisade Wall x1 |
| 10:10 | PietroSecchielloDiSabbia · wall_segment Palisade Wall x1 |
| 10:11 | PietroSecchielloDiSabbia · wall_segment Palisade Wall x1 |
| 10:13 | PietroSecchielloDiSabbia · age_up feudal |
| 10:17 | [TNT] TW_RED · wall_segment Palisade Wall x4 |
| 10:24 | PietroSecchielloDiSabbia · first_building Archery Range |
| 10:58 | [TNT] TW_RED · age_up feudal |
| 11:00 | TheShadowrawen · age_up feudal |
| 11:04 | Boxxhenizeel · age_up feudal |
| 11:25 | Mettiu · age_up feudal |
| 12:14 | [TNT] TW_RED · wall_segment Stone Wall x2 |
| 12:15 | [TNT] TW_RED · wall_segment Stone Wall x11 |
| 12:41 | Zni.Kark01 · age_up feudal |
| 12:45 | Zni.Kark01 · first_building Stable |
| 12:46 | [TNT] TW_RED · wall_segment Stone Wall x10 |
| 12:46 | [TNT] TW_RED · wall_segment Stone Wall x1 |
| 13:16 | [TNT] TW_RED · wall_segment Stone Wall x1 |
| 13:24 | Zni.Kark01 · wall_segment Stone Wall x4 |
| 13:26 | Zni.Kark01 · wall_segment Stone Wall x5 |
| 13:30 | Zni.Kark01 · wall_segment Stone Wall x1 |
| 14:30 | TheShadowrawen · age_up castle |
| 14:40 | Boxxhenizeel · age_up castle |
| 15:51 | Mettiu · age_up castle |
| 15:57 | Mettiu · first_building Castle |
| 16:00 | Boxxhenizeel · first_building Castle |
| 16:18 | [TNT] TW_RED · wall_segment Stone Wall x11 |
| 16:23 | Zni.Kark01 · wall_segment Stone Wall x8 |
| 16:29 | Zni.Kark01 · wall_segment Stone Wall x5 |
| 16:33 | [TNT] TW_RED · wall_segment Stone Wall x10 |
| 16:33 | Zni.Kark01 · wall_segment Stone Wall x7 |
| 16:35 | Zni.Kark01 · wall_segment Stone Wall x1 |
| 17:17 | Zni.Kark01 · wall_segment Stone Wall x1 |
| 17:18 | Draconus · first_market_sell 100 stone |
| 17:37 | TheShadowrawen · first_market_buy 100 stone |
| 17:37 | [TNT] TW_RED · wall_segment Stone Wall x11 |
| 17:44 | Draconus · first_building Stable |
| 18:08 | [TNT] TW_RED · wall_segment Stone Wall x1 |
| 18:11 | [TNT] TW_RED · wall_segment Stone Wall x11 |
| 18:29 | [TNT] TW_RED · first_market_buy 100 food |
| 18:38 | [TNT] TW_RED · wall_segment Stone Wall x13 |
| 18:47 | Zni.Kark01 · wall_segment Stone Wall x11 |
| 19:00 | Boxxhenizeel · wall_segment Palisade Wall x1 |
| 19:01 | TheShadowrawen · first_building Monastery |
| 19:05 | [TNT] TW_RED · wall_segment Stone Wall x11 |
| 19:39 | [TNT] TW_RED · wall_segment Stone Wall x9 |
| 19:43 | [TNT] TW_RED · wall_segment Stone Wall x1 |
| 19:44 | [TNT] TW_RED · wall_segment Stone Wall x1 |
| 19:46 | Zni.Kark01 · wall_segment Palisade Wall x1 |
| 19:51 | Draconus · first_market_buy 100 stone |
| 19:52 | [TNT] TW_RED · wall_segment Stone Wall x13 |
| 20:05 | Draconus · age_up castle |
| 20:21 | [TNT] TW_RED · wall_segment Stone Wall x1 |
| 20:21 | [TNT] TW_RED · wall_segment Stone Wall x1 |
| 20:22 | [TNT] TW_RED · wall_segment Stone Wall x1 |
| 20:25 | [TNT] TW_RED · wall_segment Stone Wall x7 |
| 20:28 | Draconus · first_building Castle |
| 20:54 | [TNT] TW_RED · wall_segment Stone Wall x1 |
| 20:57 | [TNT] TW_RED · wall_segment Stone Wall x16 |
| 21:30 | [TNT] TW_RED · age_up castle |
| 21:32 | [TNT] TW_RED · wall_segment Stone Wall x1 |
| 21:33 | [TNT] TW_RED · wall_segment Stone Wall x9 |
| 21:40 | Mettiu · first_market_buy 100 wood |
| 21:41 | Zni.Locuss · wall_segment Stone Wall x8 |
| 21:46 | Zni.Locuss · age_up castle |
| 22:29 | TheShadowrawen · wall_segment Stone Wall x10 |
| 22:32 | [TNT] TW_RED · wall_segment Stone Wall x17 |
| 22:34 | Mettiu · first_market_sell 100 stone |
| 22:46 | Zni.Locuss · first_building Monastery |
| 22:48 | [TNT] TW_RED · wall_segment Stone Wall x7 |
| 22:52 | [TNT] TW_RED · wall_segment Stone Wall x1 |
| 22:53 | [TNT] TW_RED · wall_segment Stone Wall x1 |
| 22:53 | Zni.Kark01 · age_up castle |
| 22:55 | [TNT] TW_RED · wall_segment Stone Wall x1 |
| 22:56 | [TNT] TW_RED · wall_segment Stone Wall x1 |
| 22:57 | Zni.Locuss · resign |
| 23:00 | [TNT] TW_RED · wall_segment Stone Wall x4 |
[ AI ANALYSIS · 1 CREDIT ]
What really happened in this match?
Wolo.gg analyzes every decision: build order, eco, micro, common mistakes by bracket. Personalized analysis on WhatsApp or Discord in 30 seconds.
Civ guide
Maya
Perfil
Jugador #4783147